 Dungeon Crawl Stone Soup version 0.20.1-1-g8b1a95d (webtiles) character file.

3002 dvd the Grappler (level 9, 0/80 HPs)
             Began as a Troll Transmuter on Oct 9, 2017.
             Was a Believer of Cheibriados.
             Slain by an orc warrior
             ... wielding a +0 war axe
              (18 damage)
             ... on level 7 of the Dungeon.
             The game lasted 00:19:19 (5759 turns).

dvd the Grappler (Troll Transmuter)                 Turns: 5759, Time: 00:19:19

Health: 0/80       AC:  7    Str: 27    XL:     9   Next: 54%
Magic:  11/11      EV: 12    Int: 16    God:    Cheibriados [**....]
Gold:   304        SH:  0    Dex: 16    Spells: 4/13 levels left

rFire    . . .     SeeInvis .     - Unarmed
rCold    + . .     Gourm    +   (no shield)
rNeg     . . .     Faith    .   r - +1 robe {rC+}
rPois    .         Spirit   .   (helmet restricted)
rElec    +         Reflect  .   o - +0 cloak
rCorr    .         Harm     .   (gloves unavailable)
MR       .....                  (boots unavailable)
Stlth    ++........             (no amulet)
Regen    0.7/turn               j - ring of wizardry
MPRegen  0.2/turn               (no ring)

@: lethally poisoned (0 -> -7), very slow
A: unfitting armour, claws 3, fast metabolism 3, gourmand, regeneration 1,
shaggy fur 1, electricity resistance, strong 1, tough skin 2, evolution 1,
sturdy frame 1
a: Bend Time, Renounce Religion


You were on level 7 of the Dungeon.
You worshipped Cheibriados.
Cheibriados was pleased with you.
You were completely stuffed.

You visited 2 branches of the dungeon, and saw 8 of its levels.
You also visited: Sewer.

You collected 304 gold pieces.

Inventory:

Hand Weapons
 g - a +2 dagger of venom
Missiles
 a - 35 arrows
Armour
 o - a +0 cloak (worn)
 r - a +1 robe of cold resistance (worn)
Jewellery
 j - a ring of wizardry (left claw)
 u - an uncursed ring of fire
Wands
 s - a wand of polymorph (14/24)
 B - a wand of iceblast (10/15)
 C - a wand of polymorph (7/24)
 G - a wand of flame (32/48)
Scrolls
 f - 5 scrolls of identify
 k - 3 scrolls of blinking {unknown}
 n - 5 scrolls of amnesia {unknown}
 q - 6 scrolls of teleportation {unknown}
 y - a scroll of noise {unknown}
 D - a scroll of fear {unknown}
 E - a scroll of immolation {unknown}
 F - a scroll of random uselessness {unknown}
 I - a scroll of enchant armour {unknown}
Potions
 b - a potion of ambrosia {unknown}
 e - a potion of invisibility {unknown}
 h - 3 potions of lignification {unknown}
 i - 2 potions of cancellation {unknown}
 l - 5 potions of curing
 t - a potion of mutation {unknown}
 v - 3 potions of flight {unknown}
 w - 3 potions of heal wounds {unknown}
 x - 3 potions of might {unknown}
 z - 2 potions of brilliance {unknown}
 A - a potion of agility {unknown}
Books
 c - a book of Changes

   Spells                             Type                      Level
   a - Beastly Appendage              Transmutation                1
   b - Sticks to Snakes               Transmutation                2
   c - Spider Form                    Transmutation/Poison         3
   d - Ice Form                       Ice/Transmutation            4
   e - Blade Hands                    Transmutation                5
Comestibles
 d - 3 bread rations
 m - 4 royal jellies
 p - 9 fruits
 H - 7 chunks of flesh
 J - a meat ration


   Skills:
 + Level 2.7 Fighting
 + Level 4.4 Dodging
 + Level 2.1 Stealth
 + Level 9.5 Unarmed Combat
 + Level 2.5 Spellcasting
 * Level 4.2 Transmutations
 + Level 0.9 Poison Magic
 + Level 0.1 Evocations


You had 4 spell levels left.
You knew the following spells:

 Your Spells              Type           Power        Failure   Level  Hunger
a - Beastly Appendage     Tmut           ###...       1%          1    #......
b - Spider Form           Tmut/Pois      ##........   9%          3    ###....
c - Blade Hands           Tmut           ###.......   34%         5    ######.


Dungeon Overview and Level Annotations

Branches:
Dungeon (7/15)             Temple (1/1) D:5

Altars:
Ashenzari
Cheibriados
Dithmenos
Elyvilon
Fedhas
Gozag
Kikubaaqudgha
Makhleb
Qazlal
Ru
Sif Muna
Trog
Uskayaw
Xom
Yredelemnul
The Shining One


Innate Abilities, Weirdness & Mutations

You are too large for most types of armour.
You have claws for hands.
Your metabolism is lightning-fast.
You like to eat raw meat.
Your natural rate of healing is unusually fast.
You are covered in fur. (AC +1)
You have very tough skin. (AC +2)
You are resistant to electric shocks. (rElec)
Your muscles are strong. (Str +2)
You evolve.
Your movements are slightly less encumbered by armour. (ER -2)


Message History

You kill the killer bee!
Cheibriados thoroughly appreciates the change of pace.
You feel sick.
You claw the orc!
You kill the orc!
Cheibriados appreciates the change of pace.
You feel sick.
You mangle the orc priest!!
You kill the orc priest!
Cheibriados appreciates the change of pace.
You feel sick.
You feel sick.
The orc warrior hits you with a war axe!
* * * LOW HITPOINT WARNING * * *
The orc warrior barely misses you.
Things that are here:
a dagger; a short sword of venom; a killer bee corpse You barely miss the orc warrior.
You feel sick.
The orc warrior hits you with a war axe!!
You die...

########################
#..........(............
#.######################
#.# #.# #.# ###### #.#
#....###########
#.#######..............#
#......@o....###.......#
########.##'####.......#
#......#)##.............
#.#....#.##.y...#y#.....
#.#.####.##.....#.#.....
#..........o>...#.......
############......######
#..........'..o.........
#.##########......######


You could see an orc warrior.

Vanquished Creatures
  Grinder (D:6)
  A black bear (D:7)
  An orc warrior (D:7)
  2 sky beasts
  A phantom (D:5)
  The ghost of dvd the Ruffian, an amateur TrTm (D:3)
  2 ogres
  2 big kobolds (Sewer)
  A bullfrog (D:4)
  A wyvern skeleton (D:7)
  7 scorpions
  A water moccasin skeleton (D:7)
  4 killer bees (D:7)
  2 howler monkeys (D:7)
  5 crimson imps
  A centaur skeleton (D:5)
  2 hounds
  A bullfrog skeleton (D:5)
  5 orc priests
  6 orc wizards
  2 iguanas (D:5)
  2 worker ants
  A hound skeleton (D:2)
  Robin (D:2)
  11 gnolls
  6 river rats (Sewer)
  11 adders
  A shadow imp (D:7)
  An ooze (D:1)
  3 adder skeletons
  5 worms
  2 dart slugs
  5 leopard geckos
  23 orcs
  8 ball pythons
  2 giant cockroaches
  16 goblins
  7 hobgoblins
  9 jackals
  6 quokkas
  19 bats
  4 frilled lizards
  2 giant cockroach zombies (D:2)
  A jackal zombie (D:5)
  20 kobolds
  A quokka skeleton (D:4)
  23 rats
239 creatures vanquished.

Vanquished Creatures (others)
  3 fungi (D:6)
3 creatures vanquished.

Grand Total: 242 creatures vanquished

Notes
Turn   | Place    | Note
-------+----------+-------------------------------------------
     0 | D:1      | dvd the Troll Transmuter began the quest for the Orb.
     0 | D:1      | Reached XP level 1. HP: 18/18 MP: 1/1
    93 | D:1      | Reached XP level 2. HP: 26/26 MP: 0/3
   458 | D:2      | Reached XP level 3. HP: 26/32 MP: 4/4
   802 | D:2      | Reached XP level 4. HP: 40/40 MP: 5/5
   826 | D:2      | Noticed Robin
   827 | D:2      | Reached skill level 1 in Fighting
   833 | D:2      | Reached skill level 4 in Unarmed Combat
   862 | D:2      | Killed Robin
   993 | D:2      | Found a stormy altar of Qazlal.
  1190 | D:3      | Noticed dvd's ghost (amateur TrTm)
  1205 | D:3      | Killed dvd's ghost
  1205 | D:3      | Reached skill level 5 in Unarmed Combat
  1205 | D:3      | Reached XP level 5. HP: 13/48 MP: 6/6
  1370 | D:2      | Learned a level 3 spell: Spider Form
  1502 | D:3      | Reached XP level 6. HP: 42/55 MP: 3/7
  1692 | D:3      | Found a shimmering altar of Xom.
  1763 | D:3      | Noticed a sky beast
  1768 | D:3      | Killed a sky beast
  1768 | D:3      | Reached skill level 6 in Unarmed Combat
  1770 | D:3      | Found an ancient bone altar of Kikubaaqudgha.
  1856 | D:3      | Gained mutation: You are resistant to electric shocks. (rElec) [mutagenic meat]
  1857 | D:3      | Gained mutation: You evolve. [mutagenic meat]
  1942 | D:4      | Found a transporter.
  1964 | D:4      | Reached XP level 7. HP: 55/62 MP: 8/8
  2007 | D:4      | Found a transporter.
  2097 | D:4      | Reached skill level 1 in Stealth
  2237 | D:4      | Learned a level 5 spell: Blade Hands
  2253 | D:4      | Found a glowing drain.
  2285 | Sewer    | Entered a sewer
  2728 | Sewer    | Reached skill level 7 in Unarmed Combat
  3082 | D:4      | Reached XP level 8. HP: 72/72 MP: 6/10
  3387 | D:5      | Entered Level 5 of the Dungeon
  3445 | D:5      | Found a white marble altar of Elyvilon.
  3449 | D:5      | Found a sacrificial altar of Ru.
  3698 | D:5      | Gained mutation: Your muscles are strong. (Str +2) [mutagenic meat]
  3726 | D:5      | Found a shadowy altar of Dithmenos.
  3975 | D:5      | Found a staircase to the Ecumenical Temple.
  3984 | Temple   | Entered the Ecumenical Temple
  4053 | Temple   | Became a worshipper of Cheibriados the Contemplative
  4178 | D:5      | Reached skill level 8 in Unarmed Combat
  4190 | D:5      | Gained mutation: Your movements are slightly less encumbered by armour. (ER -2) [evolution]
  4671 | D:6      | Noticed Grinder
  4683 | D:6      | Paralysed by Grinder for 7 turns
  4693 | D:6      | Killed Grinder
  4879 | D:6      | Reached XP level 9. HP: 79/80 MP: 11/11
  4890 | D:6      | Reached * piety under Cheibriados
  5385 | D:7      | Reached ** piety under Cheibriados
  5434 | D:7      | Reached skill level 9 in Unarmed Combat
  5759 | D:7      | Slain by an orc warrior

Skill      XL: |  1  2  3  4  5  6  7  8  9 |
---------------+----------------------------+-----
Dodging        | 2 3 4 |  4.4
Fighting       | 1 2 |  2.7
Unarmed Combat | 5 6 7 8 9 |  9.5
Stealth        | 1 2 |  2.1
Spellcasting   | 2 |  2.5
Transmutations | 2 3 4 |  4.2
Poison Magic   | |  0.9
Evocations     | |  0.1

Action                   |  1- 3 |  4- 6 |  7- 9 || total
-------------------------+-------+-------+-------++-------
Melee: Unarmed           |    81 |   156 |   371 ||   608
       Headbutt          |     2 |     2 |     6 ||    10
       Kick              |     5 |     4 |     6 ||    15
       Punch             |       |       |    11 ||    11
 Cast: Beastly Appendage |     8 |     6 |    13 ||    27
       Spider Form       |       |     1 |    16 ||    17
Invok: Bend Time         |       |       |     1 ||     1
Evoke: Wand              |       |       |     2 ||     2
  Use: Scroll            |       |       |     1 ||     1
       Potion            |       |       |     1 ||     1
 Stab: Sleeping          |       |     1 |     7 ||     8
       Distracted        |       |     1 |       ||     1
  Eat: Chunk             |    13 |    13 |    38 ||    64
Armor: Robe              |    42 |    33 |    89 ||   164
       Skin              |       |     1 |     6 ||     7
Dodge: Dodged            |    44 |    76 |   310 ||   430
